 Dungeon Crawl Stone Soup version 0.31-a0-325-g067879e3d3 (webtiles) character file.

Game seed: 5901386610405100851

53 omnomnOMINOUS the Sneak (level 3, 0/25 HPs)
             Began as an Octopode Wanderer on July 18, 2023.
             Was an Initiate of Gozag.
             Slain by a goblin
             ... wielding a +0 club
             ... led by Robin
              (5 damage)
             ... on level 1 of the Dungeon.
             The game lasted 00:03:00 (1175 turns).

omnomnOMINOUS the Sneak (Octopode Wanderer)         Turns: 1175, Time: 00:03:00

Health: 0/25       AC:  1    Str: 10    XL:     3   Next: 87%
Magic:  5/5        EV: 12    Int: 14    God:    Gozag
Gold:   136        SH:  4    Dex: 14    Spells: 4/5 levels left

rFire   . . .        a - +3 dagger
rCold   . . .        e - +0 buckler
rNeg    . . .        (helmet restricted)
rPois   .            (no amulet)
rElec   .            (no ring)
rCorr   .            (no ring)
SInv    .            (no ring)
Will    .....        (no ring)
Stlth   ++++         (no ring)
HPRegen 0.24/turn    (no ring)
MPRegen 0.09/turn    (no ring)
                     (no ring)

%: no passive effects
@: gold aura
A: almost no armour, amphibious, 8 rings, camouflage 1, gelatinous body 1,
(nimble swimmer 1), tentacles
a: Renounce Religion, Potion Petition, Call Merchant, Bribe Branch


You were on level 1 of the Dungeon.
You worshipped Gozag.
Gozag was aware of your devotion.
You visited 1 branch of the dungeon, and saw 2 of its levels.

You collected 136 gold pieces.

Inventory:

Hand Weapons
 a - a +3 dagger (weapon)
 d - a +0 spear
 j - a +2 dagger of flaming
 l - a +0 dagger of venom
Armour
 e - a +0 buckler (worn)
Scrolls
 b - a scroll of fear
 c - a scroll of fog
 f - a scroll of enchant weapon {unknown}
 i - a scroll of teleportation {unknown}
 k - 2 scrolls of identify {unknown}
Potions
 g - 2 potions of resistance {unknown}
 h - 2 potions of curing {unknown}


   Skills:
 + Level 2.5 Fighting
 - Level 1.0 Throwing
 + Level 1.4 Dodging
 - Level 5.3 Stealth
 + Level 0.7 Shields
 + Level 1.7 Spellcasting
 + Level 2.4 Summonings


You had 4 spell levels left.
You knew the following spells:

 Your Spells              Type           Power      Damage    Failure   Level
a - Summon Small Mammal   Summ           32%        N/A       14%         1

Your spell library contained the following spells:

 Spells                   Type           Power      Damage    Failure   Level
 Call Canine Familiar     Summ           8%         N/A       38%         3


Dungeon Overview and Level Annotations

Branches:
Dungeon (2/15)

Altars:
Gozag

Shops:
D:2 *

Annotations:
D:2 Natasha, Robin


Innate Abilities, Weirdness & Mutations

You cannot wear most types of armour.
You are amphibious.
You can wear up to eight rings at the same time.
Your skin changes colour to match your surroundings (Stealth+).
Your rubbery body absorbs attacks. (AC +1, EV +1)
((You are camouflaged when in or above water. (Stealth+)))
You have tentacles for arms and can constrict up to eight enemies at once.


Message History

a +0 dagger; a +0 short sword; a +0 dagger
There is a stone staircase leading down, spattered with blood here.
You start resting.
HP restored.
You climb downwards.
Level annotation: Natasha, Robin Robin closely misses you.
You block the goblin's attack. The hobgoblin hits you.
Robin roars a battlecry!
The goblins go into a battle-frenzy!
The goblin barely misses you. The hobgoblin barely misses you.
There is a stone staircase leading up here.
Unknown command.
You block Robin's attack. The goblin hits you with a +0 dagger.
The hobgoblin hits you. The goblin hits you but does no damage.
You climb upwards.
There is a stone staircase leading down, spattered with blood here.
Unknown command.
You closely miss the hobgoblin. Your grab misses the hobgoblin.
You block the goblin's attack. The goblin barely misses you.
The hobgoblin hits you.
You hit the hobgoblin. You grab the hobgoblin.
The hobgoblin is heavily wounded.
You constrict the hobgoblin, but do no damage.
You block the goblin's attack. The goblin barely misses you.
The hobgoblin barely misses you.
You hit the hobgoblin.
You kill the hobgoblin!
The goblin barely misses you. The goblin hits you with a +0 dagger.
* * * LOW HITPOINT WARNING * * *
Unknown command.
The goblin attacks as you move away! The goblin hits you with a +0 dagger.
* * * LOW HITPOINT WARNING * * *
Items here: $ ))).
You closely miss the goblin. Your grab misses the goblin.
Your squeeze misses the goblin. The goblin barely misses you.
You hit the goblin but do no damage. Your grab misses the goblin.
The goblin hits you with a +0 club.
You die...
Your body crumbles into a pile of gold.

##.##
##.##...####
##.###.###...#
##.#.## #...#
#..## #..##
#.## #..# #
#.# ####..# #
#.# #.).g.#
####### #.#
#.##g##
......# #.#
#.##@# #####.#
#.###.##.#
####.#
#.....##.#
#....#
#..#####.#
#....# #..#
#.#
##...####..#
#.#
........#..#
#.#
...........#
#.#
........##.#
#.#


You could see 2 goblins.

Vanquished Creatures
  A dart slug (D:1)
  5 bats
  4 endoplasms (D:1)
  3 giant cockroaches (D:1)
  3 hobgoblins (D:1)
  6 kobolds
  3 ball pythons
  3 frilled lizards (D:1)
  13 goblins
  7 rats
48 creatures vanquished.

Notes
Turn   | Place    | Note
-------+----------+-------------------------------------------
     0 | D:1      | omnomnOMINOUS the Octopode Wanderer began the quest for the
                  | Orb.
     0 | D:1      | omnomnOMINOUS set off with the following items: a +3
                  | dagger, a scroll of fear, a scroll of fog; and the
                  | following spell memorised: Summon Small Mammal; and the
                  | following spells available to memorise: Call Canine
                  | Familiar.
     0 | D:1      | Reached XP level 1. HP: 14/14 MP: 2/2
   192 | D:1      | Reached XP level 2. HP: 19/19 MP: 3/3
   287 | D:1      | Reached skill level 1 in Dodging
   398 | D:1      | Reached XP level 3. HP: 25/25 MP: 5/5
   801 | D:2      | Found a faded altar of an unknown god.
   804 | D:2      | Noticed Natasha
   807 | D:2      | Prayed at the altar of an unknown god.
   807 | D:2      | Became a worshipper of Gozag Ym Sagoz the Greedy
   981 | D:2      | Found Fodais's Assorted Antiques.
  1022 | D:2      | Noticed Robin
  1175 | D:1      | Slain by a goblin

Illustrated notes

Levels and vault maps discovered:
D:1:      saegor_arrival_fortress, layout_loops_ring
D:2:      layout_loops_ring, ebering_ecumenical_altar_box, serial_shops, shop,
          uniq_crazy_yiuf_cottage, uniq_natasha, uniq_robin

Skill      XL: |  1  2 |
---------------+-------+-----
Dodging        | 1 |  1.4
Fighting       | |  2.5
Throwing       | |  1.0
Stealth        | |  5.3
Shields        | |  0.7
Spellcasting   | |  1.7
Summonings     | |  2.4

Action                     || total
---------------------------++-------
  Melee: Dagger            ||    80
         Constrict         ||    20
         Tentacles         ||    14
   Stab: Sleeping          ||    10
 Armour: Skin              ||    12
  Dodge: Dodged            ||    43
  Block: Buckler           ||    15

Table legend: (Time is in decaauts)
 A = Elapsed time spent in this place.
 B = Non-inter-level travel time spent in this place.
 C = Inter-level travel time spent in this place.
 D = Time resting spent in this place.
 E = Time spent auto-exploring this place.
 F = Levels seen in this place.
 G = Mean time per level.
                   A        B        C        D        E       F      G
               +--------+--------+--------+--------+--------+-----+--------+
         Total |   1180 |   1167 |     13 |    193 |    659 |   2 |  590.0 |
       Dungeon |   1180 |   1167 |     13 |    193 |    659 |   2 |  590.0 |
               +--------+--------+--------+--------+--------+-----+--------+

Top non-repeatable levels by time:
     D:1: 930 daAuts
     D:2: 250 daAuts
